 Dungeon Crawl Stone Soup version 0.28.0-53-g5a82cb258f (webtiles) character file.

Game seed: 965634273773901183

4753 jiml777 the Thaumaturge (level 10, -4/56 HPs)
             Began as a Deep Elf Air Elementalist on June 15, 2022.
             Was an Elder of the Shining One.
             Slain by an orc warrior
             ... wielding a +0 war axe
              (10 damage)
             ... on level 9 of the Dungeon.
             The game lasted 01:09:26 (10295 turns).

jiml777 the Thaumaturge (DEAE)                     Turns: 10295, Time: 01:09:26

Health: -4/56      AC:  7    Str:  5    XL:     10   Next: 23%
Magic:  7/35       EV: 13    Int: 28    God:    the Shining One [****..]
Gold:   462        SH:  8    Dex: 15    Spells: 14/29 levels left

rFire   + . .      SeeInvis .   s - +10 shortbow of Death's Door {flame, MP+9 Int+3}
rCold   . . .      Faith    .   (shield currently unavailable)
rNeg    + + .      Spirit   .   a - +0 robe
rPois   .          Reflect  .   r - +0 helmet
rElec   .          Harm     .   A - +0 cloak
rCorr   .          Rampage  .   q - +2 pair of gloves
Will    +....                   (no boots)
Stlth   +.........              k - amulet of magic regeneration
HPRegen 0.18/turn               c - +4 ring of slaying
MPRegen 0.64/turn               t - ring of protection from fire

@: divinely shielded, glowing
A: no striking features
a: Renounce Religion, Divine Shield, Cleansing Flame


You were on level 9 of the Dungeon.
You worshipped the Shining One.
The Shining One was greatly pleased with you.
You visited 1 branch of the dungeon, and saw 9 of its levels.

You collected 462 gold pieces.

Inventory:

Hand Weapons
 s - the +10 shortbow of Death's Door (weapon) {flame, MP+9 Int+3}
   (You found it on level 4 of the Dungeon)

   Any ammunition fired from it burns those it strikes, dealing additional fire
   damage.
   Int:       It affects your intelligence (+3).
   MP:        It affects your magic capacity (+9).
 w - a +4 antimagic spear
 G - a +2 scimitar of flaming
Missiles
 b - 7 poisoned darts
 h - 138 stones
 i - 119 arrows (quivered ammo)
 l - 2 throwing nets
 D - 3 boomerangs of dispersal
Armour
 a - a +0 robe (worn)
 q - a +2 pair of gloves (worn)
 r - a +0 helmet (worn)
 A - a +0 cloak (worn)
Jewellery
 c - a +4 ring of slaying (left hand)
 k - an amulet of magic regeneration (around neck)
 m - a ring of protection from cold
 o - a ring of see invisible
 t - a ring of protection from fire (right hand)
 x - an amulet of guardian spirit
 E - a +6 ring of strength
Wands
 u - a wand of polymorph (13)
 v - a wand of iceblast (13)
Scrolls
 e - 2 scrolls of identify
 F - a scroll of amnesia
Potions
 d - a potion of might
 n - 2 potions of mutation
 z - 2 potions of flight
 B - a potion of cancellation


   Skills:
 * Level 3.0 Fighting
 - Level 1.1 Short Blades
 + Level 5.5 Bows
 - Level 3.1 Dodging
 - Level 3.2 Stealth
 + Level 10.2 Spellcasting
 * Level 4.1 Conjurations
 * Level 3.9 Transmutations
 * Level 4.0 Fire Magic
 * Level 7.6 Air Magic
 * Level 3.9 Poison Magic
 * Level 4.8 Invocations


You had 14 spell levels left.
You knew the following spells:

 Your Spells              Type           Power      Damage    Failure   Level
a - Shock                 Conj/Air       100%       1d9       1%          1
b - Static Discharge      Conj/Air       47%        N/A       1%          2
c - Swiftness             Air            54%        N/A       1%          3
d - Airstrike             Air            27%        N/A       1%          4
e - Poisonous Vapours     Pois/Air       92%        N/A       1%          2
f - Ignite Poison         Fire/Tmut/Pois 36%        N/A       2%          3

Your spell library contained the following spells:

 Spells                   Type           Power      Damage    Failure   Level
 Beastly Appendage        Tmut           72%        N/A       1%          1
 Sting                    Tmut/Pois      100%       1d8       1%          1
 Corpse Rot               Necr/Air       70%        N/A       1%          2
 Wereblood                Tmut           36%        N/A       1%          2
 Mephitic Cloud           Conj/Pois/Air  43%        N/A       1%          3
 Spider Form              Tmut/Pois      36%        N/A       2%          3
 Olgreb's Toxic Radiance  Pois           36%        N/A       8%          4
 Sticky Flame             Conj/Fire      37%        2d6       8%          4
 Freezing Cloud           Conj/Ice/Air   18%        6-21      22%         5
 Animate Dead             Necr           7%         N/A       36%         4
 Dispel Undead            Necr           14%        3d10      36%         4
 Haunt                    Necr/Summ      7%         N/A       100%        7
 Infestation              Necr           7%         N/A       100%        8


Dungeon Overview and Level Annotations

Branches:
Dungeon (9/15)             Temple (0/1) D:5
   Lair: D:8-11         Orc: D:9-12

Altars:
Kikubaaqudgha
The Shining One

Shops:
D:5 =


Message History

Casting: Airstrike (dangerous; 1% risk of failure)
Confirm with . or Enter, or press ? or * to list all spells.
Aiming: Airstrike (dangerous; 1% risk of failure)
Press: ? - help, Dir - move target, f/p - orc wizard
Aim: an orc wizard, wielding a +0 dagger and wearing a +0 robe (heavily wounded, slightly transparent, haloed, empty space bonus: 2/8)
The air twists around and strikes the orc wizard!
You kill the orc wizard!
The orc warrior closely misses you.
Casting: Airstrike (dangerous; 1% risk of failure)
Confirm with . or Enter, or press ? or * to list all spells.
Aiming: Airstrike (dangerous; 1% risk of failure)
Press: ? - help, Dir - move target, f - orc warrior
Aim: an orc warrior, wielding a +0 war axe and wearing a +0 plate armour (haloed, empty space bonus: 0/8)
The air twists around and strikes the orc warrior but does no damage.
You block the orc warrior's attack.
Casting: Airstrike (dangerous; 1% risk of failure)
Confirm with . or Enter, or press ? or * to list all spells.
Aiming: Airstrike (dangerous; 1% risk of failure)
Press: ? - help, Dir - move target, f/p - orc warrior
Aim: an orc warrior, wielding a +0 war axe and wearing a +0 plate armour (haloed, empty space bonus: 0/8)
The air twists around and strikes the orc warrior.
The orc warrior is lightly wounded.
The orc warrior barely misses you.
Casting: Airstrike (dangerous; 1% risk of failure)
Confirm with . or Enter, or press ? or * to list all spells.
Aiming: Airstrike (dangerous; 1% risk of failure)
Press: ? - help, Dir - move target, f - orc, p - orc warrior
Aim: an orc, wielding a +0 short sword and quivering boomerangs (haloed, empty space bonus: 3/8)
The air twists around and strikes the orc!
You kill the orc!
You block the orc warrior's attack.
Casting: Airstrike (dangerous; 1% risk of failure)
Confirm with . or Enter, or press ? or * to list all spells.
Aiming: Airstrike (dangerous; 1% risk of failure)
Press: ? - help, Dir - move target, f - orc warrior
Aim: an orc warrior, wielding a +0 war axe and wearing a +0 plate armour (haloed, empty space bonus: 1/8)
The air twists around and strikes the orc warrior!
The orc warrior is moderately wounded.
The orc warrior hits you with a +0 war axe!
You die...

# ...
.....####
....))o@#
.....####
... .


You could see an orc warrior.

Vanquished Creatures
  Erica (D:8)
  Joseph (D:8)
  An efreet (D:9)
  Sigmund (D:2)
  A shadow (D:8)
  A wyvern (D:8)
  A steam dragon (D:6)
  An ice beast (D:5)
  A black bear (D:4)
  2 necrophages
  A centaur (D:7)
  2 ogres (D:5)
  2 phantoms
  A kobold brigand (D:7)
  A bullfrog (D:8)
  Blork the orc (D:5)
  A gnoll sergeant (D:4)
  A scorpion (D:5)
  A wyvern skeleton (D:7)
  12 killer bees (D:7)
  5 howler monkeys (D:4)
  A centaur zombie (D:7)
  3 hounds
  A gnoll shaman (D:6)
  3 orc priests
  Crazy Yiuf (D:6)
  2 centaur skeletons (D:7)
  2 bullfrog skeletons
  7 iguanas
  5 orc wizards
  A killer bee zombie (D:6)
  Robin (D:4)
  A hound skeleton (D:4)
  A howler monkey zombie (D:6)
  17 gnolls
  6 adders
  A white imp (D:5)
  An adder skeleton (D:4)
  A worm (D:2)
  38 orcs
  5 bats
  5 endoplasms
  4 giant cockroaches
  13 hobgoblins
  10 jackals (D:4)
  4 quokkas
  6 ball pythons
  4 frilled lizards
  17 goblins
  13 kobolds
  6 rats
219 creatures vanquished.

Vanquished Creatures (others)
  3 fungi
  18 plants
21 creatures vanquished.

Grand Total: 240 creatures vanquished

Notes
Turn   | Place    | Note
-------+----------+-------------------------------------------
     0 | D:1      | jiml777 the Deep Elf Air Elementalist began the quest for
                  | the Orb.
     0 | D:1      | Reached XP level 1. HP: 10/10 MP: 6/6
   208 | D:1      | Reached XP level 2. HP: 15/15 MP: 5/8
   262 | D:1      | Found a faded altar of an unknown god.
   267 | D:1      | Prayed at the altar of an unknown god.
   267 | D:1      | Became a worshipper of the Shining One
   267 | D:1      | Reached * piety under the Shining One
  1378 | D:2      | Reached XP level 3. HP: 19/19 MP: 8/10
  1962 | D:2      | Reached skill level 1 in Invocations
  1962 | D:2      | Reached XP level 4. HP: 24/24 MP: 9/11
  2251 | D:2      | Learned a level 2 spell: Static Discharge
  2255 | D:2      | Learned a level 3 spell: Swiftness
  2260 | D:2      | Learned a level 4 spell: Airstrike
  2406 | D:2      | Reached skill level 4 in Spellcasting
  2459 | D:2      | Noticed Sigmund
  2476 | D:2      | Killed Sigmund
  2477 | D:2      | Reached XP level 5. HP: 28/28 MP: 5/14
  3307 | D:3      | Reached skill level 5 in Spellcasting
  3307 | D:3      | Reached XP level 6. HP: 28/33 MP: 9/15
  4181 | D:4      | Noticed Robin
  4181 | D:4      | Reached ** piety under the Shining One
  4205 | D:4      | Killed Robin
  4454 | D:4      | Identified the +10 shortbow of Death's Door {flame, MP+9
                  | Int+3}
  4597 | D:4      | Learned a level 2 spell: Poisonous Vapours
  4601 | D:4      | Learned a level 3 spell: Ignite Poison
  4813 | D:4      | Reached skill level 1 in Short Blades
  4866 | D:4      | Reached XP level 7. HP: 37/37 MP: 17/17
  4872 | D:4      | Reached skill level 1 in Fighting
  5332 | D:4      | Reached skill level 1 in Bows
  5332 | D:4      | Reached skill level 1 in Fire Magic
  5533 | D:4      | Reached skill level 1 in Poison Magic
  5559 | D:4      | Reached skill level 1 in Transmutations
  5816 | D:4      | Reached skill level 6 in Spellcasting
  5816 | D:4      | Reached skill level 5 in Air Magic
  6245 | D:4      | Reached XP level 8. HP: 43/43 MP: 15/19
  6703 | D:5      | Entered Level 5 of the Dungeon
  6713 | D:5      | Identified the +10 spear "Davykhlif" {vorpal, *Slow rF++
                  | Int-3 SInv}
  6714 | D:5      | Noticed Blork the orc
  6717 | D:5      | Killed Blork the orc
  6795 | D:5      | Found an ancient bone altar of Kikubaaqudgha.
  6804 | D:5      | Found Deerup's Jewellery Shoppe.
  7055 | D:5      | Reached *** piety under the Shining One
  7231 | D:5      | Found a staircase to the Ecumenical Temple.
  7405 | D:5      | Reached skill level 7 in Spellcasting
  7612 | D:6      | Reached XP level 9. HP: 48/48 MP: 22/22
  8298 | D:6      | Found a runed translucent door.
  8299 | D:6      | Noticed Crazy Yiuf
  8304 | D:6      | Killed Crazy Yiuf
  8521 | D:7      | Reached skill level 8 in Spellcasting
  8722 | D:7      | Reached skill level 5 in Bows
  9489 | D:7      | Reached skill level 9 in Spellcasting
  9681 | D:8      | Reached **** piety under the Shining One
 10003 | D:8      | Noticed Erica
 10011 | D:8      | Killed Erica
 10012 | D:8      | Reached XP level 10. HP: 55/55 MP: 18/25
 10122 | D:8      | Noticed Joseph
 10126 | D:8      | Killed Joseph
 10127 | D:8      | Reached skill level 10 in Spellcasting
 10295 | D:9      | Slain by an orc warrior

Illustrated notes

Levels and vault maps discovered:
D:1:      eino_arrival_druids_welcome, layout_loops_corners,
          shapermc_ecumenical_altar_mp_ritualfount, minmay_indecisive_spiral
D:2:      layout_basic, serial_forest, infiniplex_forest_end_3,
          infiniplex_forest_clump_small, infiniplex_forest_clump_double,
          infiniplex_forest_clump_double, infiniplex_forest_diagonal,
          infiniplex_forest_clump_medium, infiniplex_forest_lined_1,
          infiniplex_forest_clump_cross, infiniplex_forest_lined_3_way,
          infiniplex_forest_3_way, uniq_sigmund
D:3:      layout_loops_ring, roderic_malta_cross
D:4:      lemuel_castle_with_subvaults [lemuel_castle_interior_carwin_2],
          layout_basic, uniq_robin
D:5:      layout_basic, kennysheep_mini, minmay_temple_entry_gardened_gates,
          serial_shops, nicolae_shop_trees, uniq_blork_the_orc
D:6:      layout_basic, uniq_crazy_yiuf_cottage
D:7:      layout_rooms
D:8:      layout_rooms, uniq_joseph, uniq_erica
D:9:      layout_basic, serial_shops, kennysheep_little_box,
          nicolae_shop_crystal, shop,
          nicolae_shop_temple_entry_statues_fountains, serial_bayou_pond_b

Skill      XL: |  1  2  3  4  5  6  7  8  9 10 |
---------------+-------------------------------+-----
Invocations    | 1 2 3 4 |  4.8
Spellcasting   | 4 5 6 7 9 10 | 10.2
Conjurations   | 2 3 4 |  4.1
Air Magic      | 4 5 7 |  7.6
Stealth        | 3 |  3.2
Dodging        | 3 |  3.1
Short Blades   | 1 |  1.1
Fighting       | 1 2 3 |  3.0
Bows           | 4 5 |  5.5
Fire Magic     | 1 2 3 4 |  4.0
Poison Magic   | 1 2 3 |  3.9
Transmutations | 1 2 3 |  3.9

Action                   |  1- 3 |  4- 6 |  7- 9 | 10-12 || total
-------------------------+-------+-------+-------+-------++-------
Melee: Dagger            |    14 |       |       |       ||    14
       Short sword       |     3 |    34 |    15 |       ||    52
       Unarmed           |     1 |       |       |       ||     1
       Punch             |       |     1 |     1 |       ||     2
 Fire: Shortbow          |       |     4 |   133 |       ||   137
 Cast: Shock             |    44 |    77 |    59 |       ||   180
       Swiftness         |       |       |     1 |       ||     1
       Airstrike         |       |       |    65 |    17 ||    82
Invok: Divine Shield     |       |       |       |     1 ||     1
  Use: Potion            |       |       |     7 |     2 ||     9
       Scroll            |       |       |    15 |     1 ||    16
Armor: Robe              |     3 |     5 |    18 |       ||    26
Dodge: Dodged            |     9 |    25 |    87 |     6 ||   127
Block: Other             |       |       |       |     2 ||     2
